 Dungeon Crawl Stone Soup version 0.31-a0-276-ge00219d475 (webtiles) character file.

Game seed: 7456981298328521288

5315 CoinPitGoblin the Covert (level 10, 0/46 HPs)
             Began as a Spriggan Hunter on July 15, 2023.
             Was a Priest of Dithmenos.
             Killed from afar by Maggie (26 damage)
             ... with a bolt of fire
             ... on level 8 of the Dungeon.
             The game lasted 00:31:44 (7251 turns).

CoinPitGoblin the Covert (Spriggan Hunter)          Turns: 7251, Time: 00:31:44

Health: 0/46       AC:  3    Str:  7    XL:     10   Next: 37%
Magic:  11/11      EV: 31    Int: 10    God:    Dithmenos [***...]
Gold:   329        SH:  5    Dex: 24    Spells: 9/9 levels left

rFire   . . .        b - +2 arbalest (flame)
rCold   + . .        (shield currently unavailable)
rNeg    . . .        c - +1 robe
rPois   .            y - melded +2 hat
rElec   .            (cloak currently unavailable)
rCorr   .            (gloves unavailable)
SInv    +            (boots unavailable)
Will    +....        l - amulet of reflection
Stlth   +++++++++    w - ring of protection from cold
HPRegen 0.27/turn    u - +4 ring of slaying
MPRegen 0.12/turn

%: reflection
@: beast-form, mesmerised, wreathed by umbra, very quick
A: beast (slay +5), very small, no large weapons, unfitting armour, see
invisible, speed 3
a: Begin Untransformation, Renounce Religion, Shadow Step


You were on level 8 of the Dungeon.
You worshipped Dithmenos.
Dithmenos was most pleased with you.
You were a hulking beast.
You visited 2 branches of the dungeon, and saw 9 of its levels.

You collected 329 gold pieces.

Inventory:

Hand Weapons
 a - a +1 dagger of draining
 b - a +2 arbalest of flaming (weapon)
 q - a +5 short sword
 H - a +0 short sword of electrocution
 L - a +2 dagger
Armour
 c - a +1 robe (worn)
 m - +0 swamp dragon scales
 t - the +3 buckler "Enocoh" {Str+2 Int+4}
   (You found it on level 4 of the Dungeon)

   Str:       It affects your strength (+2).
   Int:       It affects your intelligence (+4).
 y - a +2 hat (melded)
Jewellery
 l - an amulet of reflection (around neck)
 o - an amulet of guardian spirit
 r - a ring of wizardry
 u - a +4 ring of slaying (right hand)
 w - a ring of protection from cold (left hand)
Talismans
 p - a beast talisman
 I - a blade talisman
 J - a storm talisman
Wands
 B - a wand of iceblast (14)
 E - a wand of polymorph (3)
 G - a wand of charming (4)
Scrolls
 g - a scroll of butterflies
 j - 4 scrolls of teleportation
 n - 5 scrolls of revelation
 v - 4 scrolls of noise
 x - a scroll of torment
 C - a scroll of poison
 D - a scroll of enchant armour
Potions
 d - 5 potions of mutation
 e - 3 potions of brilliance
 f - a potion of haste {unknown}
 h - 5 potions of curing
 i - 5 potions of lignification
 k - a potion of resistance {unknown}
 s - a potion of attraction {unknown}
 z - 2 potions of magic
 A - a potion of enlightenment {unknown}
 F - a potion of invisibility {unknown}
 M - a potion of might {unknown}
Miscellaneous
 K - a phantom mirror


   Skills:
 - Level 1.5 Fighting
 - Level 4.0 Ranged Weapons
 + Level 13.4 Dodging
 + Level 13.7 Stealth
 * Level 8.1 Shapeshifting


You had 9 spell levels left.
You didn't know any spells.
Your spell library contained the following spells:

 Spells                   Type           Power      Damage    Failure   Level
 Apportation              Tloc           0%         N/A       36%         1
 Foxfire                  Conj/Fire      0%         2x1d4     36%         1
 Necrotise                Necr           0%         1d4       36%         1
 Summon Small Mammal      Summ           0%         N/A       36%         1
 Cigotuvi's Dreadful Rot  Necr/Pois/Air  0%         N/A       50%         2
 Ignite Poison            Fire/Tmut/Pois 0%         N/A       75%         3
 Stone Arrow              Conj/Erth      0%         3d7       75%         3
 Animate Armour           Summ/Erth      0%         N/A       98%         4
 Freezing Cloud           Conj/Ice/Air   0%         6-21      100%        5
 Conjure Ball Lightning   Conj/Air       0%         3x3d6     100%        6
 Discord                  Hex            0%         N/A       100%        8
 Lehudib's Crystal Spear  Conj/Erth      0%         10d2      100%        8


Dungeon Overview and Level Annotations

Branches:
Dungeon (8/15)             Temple (1/1) D:6
   Lair: D:8-11

Altars:
Ashenzari
Cheibriados
Dithmenos
Elyvilon
Fedhas
Gozag
Hepliaklqana
Kikubaaqudgha
Makhleb
Nemelex Xobeh
Okawaru
Qazlal
Ru
Sif Muna
Trog
Uskayaw
Vehumet
Wu Jian
Xom
Yredelemnul
Zin
The Shining One

Shops:
D:2 (   D:3 (   D:4 *

Annotations:
D:8 Maggie


Innate Abilities, Weirdness & Mutations

You are a hulking beast.
Your limbs bulge with bestial killing power. (Slay +5)
You are very small and have problems with some larger weapons.
You are too small for most types of armour.
You have supernaturally acute eyesight. (SInv)
You cover ground extremely quickly. (Speed+++)


Message History

You shoot a bolt. The bolt barely misses the killer bee.
You block the killer bee's attack. x2; The killer bee completely misses you.
You shoot a bolt. The bolt hits the killer bee.
The bolt burns the killer bee.
The killer bee is lightly wounded.
You block the killer bee's attack. x2; The killer bee completely misses you. x2
You shoot a bolt. The bolt barely misses the killer bee.
The killer bee completely misses you. The killer bee misses you.
The killer bee completely misses you.
You shoot a bolt. The bolt hits the killer bee!!
The bolt burns the killer bee.
You kill the killer bee!
Dithmenos accepts your kill.
No target in view!
You see here a killer bee corpse.
You see here a killer bee corpse.
You open the door.
There is an open door here.
You now have 329 gold pieces (gained 12).
Maggie the Vainglorious comes into view.
She is wielding a +1 long sword of draining.
You shoot a bolt. The bolt hits Maggie!
The bolt burns Maggie!
Maggie is moderately wounded.
You shoot a bolt. The bolt barely misses Maggie.
Maggie casts a spell.
Maggie attempts to bespell you!
You easily resist.
You shoot a bolt. The bolt hits Maggie!!
The bolt burns Maggie.
Maggie is severely wounded.
Maggie mumbles some strange words.
Maggie attempts to bespell you! You resist with almost no effort.
Maggie casts a spell.
Maggie attempts to bespell you!
You are mesmerised by Maggie!
You shoot a bolt. The bolt barely misses Maggie.
Maggie casts a spell at you. The bolt of fire hits you!!
You emit a cloud of dark smoke.
You shoot a bolt. The bolt barely misses Maggie.
You shoot a bolt. The bolt hits Maggie.
The bolt burns Maggie.
Maggie is almost dead.
Maggie points at you and mumbles some strange words.
The bolt of fire hits you!!
Ouch! That really hurt!
You die...

..........††...#....#
...............#....+
###'#######+##+#....#####
........... ##........
........... #........
............ #........
.............##+#........
##########....§§§...##+#.
..# #....§§h§..# ..#
#.....§.§..# ..#
+..........# ..#
#...@......# ###
....######## .... ... ..


You could see Maggie (mesmerising).

Vanquished Creatures
  An ugly thing (D:7)
  A gargoyle (D:7)
  Prince Ribbit (D:6)
  A wyvern (D:7)
  A wraith (D:7)
  2 yaks (D:7)
  2 vampire mosquitoes (D:7)
  Menkaure (D:6)
  3 water moccasins
  3 ice beasts
  3 black bears
  3 sky beasts
  An ogre (D:6)
  A phantom (D:7)
  A gnoll sergeant (D:7)
  4 bullfrogs
  3 scorpions
  11 wights
  6 killer bees (D:8)
  2 howler monkeys
  An electric eel (D:7)
  5 hounds
  An orc priest (D:7)
  A jelly (D:5)
  A sleepcap (D:6)
  4 iguanas
  4 orc wizards (D:6)
  11 gnolls
  11 adders
  2 shadow imps
  2 ufetubi
  A worm (D:5)
  13 orcs
  7 endoplasms
  5 giant cockroaches
  5 goblins
  6 hobgoblins
  4 jackals (D:2)
  2 quokkas
  9 ball pythons
  3 bats
  4 frilled lizards
  9 kobolds
  3 rats
165 creatures vanquished.

Notes
Turn   | Place    | Note
-------+----------+-------------------------------------------
     0 | D:1      | CoinPitGoblin the Spriggan Hunter began the quest for the
                  | Orb.
     0 | D:1      | Reached XP level 1. HP: 10/10 MP: 2/2
   121 | D:1      | Reached XP level 2. HP: 14/14 MP: 3/3
   198 | D:1      | Noticed a great orb of eyes
   200 | D:1      | Found a faded altar of an unknown god.
   204 | D:1      | Noticed a golden eye
   204 | D:1      | Noticed an eye of devastation
   204 | D:1      | Noticed a shining eye
   566 | D:2      | Found Feask's Weapon Boutique.
   652 | D:2      | Reached XP level 3. HP: 18/18 MP: 4/4
  1061 | D:2      | Reached skill level 5 in Dodging
  1489 | D:3      | Noticed an ice beast
  1524 | D:3      | Reached XP level 4. HP: 22/22 MP: 5/5
  1526 | D:3      | Killed an ice beast
  1527 | D:3      | Reached XP level 5. HP: 25/25 MP: 6/6
  1647 | D:3      | Found a shadowy altar of Dithmenos.
  1647 | D:3      | Found an opulent altar of Gozag.
  1647 | D:3      | Found a shimmering blue altar of Sif Muna.
  1739 | D:3      | Found Baut's Weapon Emporium.
  1748 | D:3      | Became a worshipper of Dithmenos the Shadowed
  1858 | D:3      | Reached skill level 5 in Stealth
  2405 | D:4      | Found Pixtoerr's General Store.
  2420 | D:4      | Reached skill level 1 in Shapeshifting
  2446 | D:4      | Reached XP level 6. HP: 17/30 MP: 7/7
  2689 | D:4      | Identified the +3 buckler "Enocoh" {Str+2 Int+4}
  2930 | D:4      | Reached * piety under Dithmenos
  3282 | D:5      | Entered Level 5 of the Dungeon
  3421 | D:5      | Found a radiant altar of Vehumet.
  3434 | D:5      | Found a broken altar of Ashenzari.
  3536 | D:5      | Reached XP level 7. HP: 29/33 MP: 8/8
  3860 | D:6      | Found an ornate altar of the Wu Jian Council.
  3960 | D:6      | Noticed Menkaure
  4096 | D:6      | Killed Menkaure
  4097 | D:6      | Reached XP level 8. HP: 37/37 MP: 9/9
  4138 | D:6      | Reached skill level 5 in Shapeshifting
  4248 | D:6      | Reached ** piety under Dithmenos
  4256 | D:6      | Noticed Prince Ribbit
  4314 | D:6      | Killed Prince Ribbit
  4315 | D:6      | Reached skill level 10 in Dodging
  4315 | D:6      | Reached skill level 10 in Stealth
  4477 | D:6      | Reached XP level 9. HP: 41/41 MP: 10/10
  4496 | D:6      | Found a burning altar of Makhleb.
  4837 | D:6      | Found a staircase to the Ecumenical Temple.
  5066 | Temple   | Entered the Ecumenical Temple
  5833 | D:7      | Reached *** piety under Dithmenos
  5925 | D:7      | Noticed a purple ugly thing
  6032 | D:7      | Killed a purple ugly thing
  6033 | D:7      | Reached XP level 10. HP: 46/46 MP: 11/11
  6222 | D:7      | Noticed a gargoyle
  6407 | D:7      | Got the Collected Works on Fateful Conflict
  6411 | D:7      | Identified the +1 helmet of Hucao {*Slow Int+5 Slay+5}
  7056 | D:7      | Killed a gargoyle
  7245 | D:8      | Noticed Maggie
  7251 | D:8      | Killed from afar by Maggie

Illustrated notes

Levels and vault maps discovered:
D:1:      heliophobic_arrival_enchanted_forest, layout_rooms,
          hellmonk_ecumenical_altar_watching_god, chequers_serial_rivers_micro_c
D:2:      layout_basic, serial_shops, nicolae_shop_competitors_out_of_business
D:3:      layout_basic, gammafunk_temple_overflow_forgotten, serial_shops, shop,
          nicolae_titane
D:4:      layout_basic, serial_shops, nicolae_shop_hallway_stairs,
          serial_rivers, chequers_serial_rivers_micro_a,
          chequers_serial_rivers_micro_a, chequers_serial_rivers_marsh,
          chequers_serial_rivers_micro_c, chequers_serial_rivers_large_b,
          chequers_serial_rivers_small_b
D:5:      layout_rooms, nicolae_overflow_squiral
D:6:      layout_basic, nicolae_wu_jian_wuxing_cycle,
          mainiacjoe_overflow_catwalk, minmay_temple_entry_nine_rooms,
          serial_glass, glass_columns_b, glass_columns_a, glass_columns_a,
          glass_columns_a, glass_columns_b, glass_columns_b, glass_columns_b,
          glass_columns_a, uniq_prince_ribbit1, uniq_menkaure
D:7:      minmay_the_grid_octo_triangle [minmay_the_grid_octo_pinwheel,
          minmay_the_grid_octo_prize_ultimate_mussel_roller,
          minmay_the_grid_octo_fan_narrow], layout_gridville,
          minmay_misc_feat_chi, fountainhead
D:8:      layout_gridville, uniq_maggie
Temple:   nicolae_temple_superstar

Skill      XL: |  1  2  3  4  5  6  7  8  9 10 |
---------------+-------------------------------+-----
Dodging        | 3 4 5 6 7 9 10 12 13 | 13.4
Stealth        | 2 3 4 5 6 8 10 13 | 13.7
Shapeshifting  | 1 3 4 6 7 8 |  8.1
Fighting       | |  1.5
Ranged Weapons | |  4.0

Action                     |  1- 3 |  4- 6 |  7- 9 | 10-12 || total
---------------------------+-------+-------+-------+-------++-------
  Melee: Dagger            |       |    17 |    70 |    27 ||   114
         Punch             |       |       |     2 |       ||     2
         Unarmed           |       |       |       |     6 ||     6
   Fire: Shortbow          |   113 |   189 |   193 |    33 ||   528
         Arbalest          |       |       |       |    20 ||    20
Ability: Begin Untransform |       |     1 |       |     2 ||     3
         Blinkbolt         |       |       |       |     1 ||     1
    Use: Scroll            |     8 |     7 |     3 |     1 ||    19
         Potion            |       |       |       |     1 ||     1
   Stab: Sleeping          |       |     3 |     2 |       ||     5
         Distracted        |       |       |       |     2 ||     2
 Armour: Robe              |     3 |     4 |     3 |       ||    10
  Dodge: Dodged            |    22 |    54 |   123 |    72 ||   271
  Block: Other             |     6 |     3 |    24 |    11 ||    44
         Reflection        |     2 |       |       |       ||     2
   Form: Beast             |       |     2 |     1 |     2 ||     5
                           |       |     1 |       |       ||     1
         Storm             |       |       |       |     2 ||     2
         Blade             |       |       |       |     1 ||     1

Table legend: (Time is in decaauts)
 A = Elapsed time spent in this place.
 B = Non-inter-level travel time spent in this place.
 C = Inter-level travel time spent in this place.
 D = Time resting spent in this place.
 E = Time spent auto-exploring this place.
 F = Levels seen in this place.
 G = Mean time per level.
                   A        B        C        D        E       F      G
               +--------+--------+--------+--------+--------+-----+--------+
         Total |   5198 |   4643 |    555 |    335 |   2728 |   9 |  577.6 |
       Dungeon |   5114 |   4573 |    541 |    335 |   2667 |   8 |  639.2 |
        Temple |     83 |     70 |     13 |      0 |     61 |   1 |   83.0 |
               +--------+--------+--------+--------+--------+-----+--------+

Top non-repeatable levels by time:
     D:7: 1189 daAuts
     D:6: 1059 daAuts
     D:4: 737 daAuts
     D:3: 705 daAuts
     D:2: 605 daAuts
     D:5: 366 daAuts
     D:1: 310 daAuts
     D:8: 140 daAuts
  Temple: 83 daAuts
